 Dungeon Crawl Stone Soup version 0.30-a0-297-g0ec75d9ef4 (webtiles) character file.

Game seed: 11583617068375750710

160 Lanoc the Insei (level 5, -7/34 HPs)
             Began as an Octopode Transmuter on Oct 18, 2022.
             Was a Follower of Uskayaw.
             Mangled by an ice beast (10 damage)
             ... on level 6 of the Dungeon.
             The game lasted 00:04:58 (2356 turns).

Lanoc the Insei (Octopode Transmuter)               Turns: 2356, Time: 00:04:59

Health: -7/34      AC:  1    Str:  9    XL:     5   Next: 41%
Magic:  8/8        EV: 13    Int: 18    God:    Uskayaw [*.....]
Gold:   128        SH:  0    Dex: 12    Spells: 5/8 levels left

rFire   . . .      SeeInvis .      - Unarmed
rCold   . . .      Faith    .    (no shield)
rNeg    . . .      Spirit   .    (helmet restricted)
rPois   .          Reflect  .    (no amulet)
rElec   .          Harm     .    (no ring)
rCorr   .          Rampage  .    (no ring)
Will    .....                    (no ring)
Stlth   ++........               (no ring)
HPRegen 0.25/turn                (no ring)
MPRegen 0.11/turn                (no ring)
                                 (no ring)
                                 (no ring)

@: confused, ambrosia-drunk
A: almost no armour, amphibious, 8 rings, camouflage 1, gelatinous body 1,
(nimble swimmer 1), tentacles
a: Renounce Religion, Stomp


You were on level 6 of the Dungeon.
You worshipped Uskayaw.
Uskayaw was noncommittal.
You visited 1 branch of the dungeon, and saw 4 of its levels.

You collected 128 gold pieces.

Inventory:

Scrolls
 b - a scroll of magic mapping
 d - a scroll of identify
 e - a scroll of amnesia {unknown}
 f - a scroll of poison {unknown}
 i - a scroll of enchant armour {unknown}
 j - a scroll of immolation {unknown}
Potions
 a - a potion of lignification
 c - 2 potions of curing {unknown}
 g - a potion of might {unknown}
 h - a potion of flight {unknown}
 k - a potion of ambrosia


   Skills:
 + Level 2.2 Fighting
 + Level 2.9 Dodging
 + Level 3.7 Unarmed Combat
 - Level 2.0 Spellcasting
 * Level 3.7 Transmutations


You had 5 spell levels left.
You knew the following spells:

 Your Spells              Type           Power      Damage    Failure   Level
e - Beastly Appendage     Tmut           30%        N/A       3%          1
f - Wereblood             Tmut           15%        N/A       6%          2

Your spell library contained the following spells:

 Spells                   Type           Power      Damage    Failure   Level
 Kiss of Death            Conj/Necr      4%         2d5       19%         1
 Spider Form              Tmut/Pois      8%         N/A       26%         3
 Confusing Touch          Hex            1%         N/A       47%         3
 Ice Form                 Ice/Tmut       8%         N/A       63%         4
 Dispel Undead            Necr           1%         3d6       87%         4


Dungeon Overview and Level Annotations

Branches:
Dungeon (6/15)
 Temple: D:4-7

Altars:
Elyvilon
Uskayaw
Zin


Innate Abilities, Weirdness & Mutations

You cannot wear most types of armour.
You are amphibious.
You can wear up to eight rings at the same time.
Your skin changes colour to match your surroundings (Stealth+).
Your rubbery body absorbs attacks. (AC +1, EV +1)
((You are camouflaged when in or above water. (Stealth+)))
You have tentacles for arms and can constrict up to eight enemies at once.


Message History

Your primal bloodlust is almost over.
Magic restored.
Your primal bloodlust has ended.
HP restored.
Things that are here:
a +0 club; a +0 scale mail; an orc corpse
Things that are here:
a +0 dagger; a +0 robe; an orc corpse You see here a +0 robe.
There is an open door here.
You open the door.
There is an open door here.
Found a stone staircase leading down.
There is a stone staircase leading down here.
c - 2 clear potions (gained 1)
Found 6 stones.
An ice beast comes into view.
You see here 6 stones.
You see here 6 stones.
An ice beast is nearby!
An adder comes into view.
The adder moves out of view.
The ice beast hits you. The ice beast freezes you!
As you read the scroll labelled WUGREK XAGO, it crumbles to dust.
It is a scroll of identify.
k - 2 potions of ambrosia The ice beast hits you.
The ice beast freezes you!
* * * LOW HITPOINT WARNING * * *
As you read the scroll labelled BYEMMEU BUEKI, it crumbles to dust.
You feel aware of your surroundings.
You sensed 1 shop/portal.
It was a scroll of magic mapping.
The ice beast closely misses you.
You are confused.
You feel invigorated. The ice beast barely misses you.
You are too confused!
You're too confused to move!
The ice beast hits you. The ice beast freezes you!
* * * LOW HITPOINT WARNING * * *
You bump into the rock wall.
The ice beast hits you.
* * * LOW HITPOINT WARNING * * *
The ice beast freezes you!
You die...

**,* ***...,,,* *,**
*#.#**** **+** #.#
*,,,* #.# *,,,* #.#
*,,,* #.# ***** #.# #Y#
####### #@#
#.....###.########
######.###.#........(.#
#...............#####.#
###.####.###.#.....#
#.#
#............##...##
#.# #.#.####.#######.##
#.# #.#># #.# #.# #.#
#.#.## #.# #.# ###.###


You could see an ice beast.

Vanquished Creatures
  2 orc wizards
  3 adders
  A worm (D:2)
  A dart slug (D:2)
  8 orcs
  7 bats
  4 endoplasms
  4 giant cockroaches
  6 goblins
  6 hobgoblins
  8 kobolds
  5 quokkas
  3 ball pythons
  3 frilled lizards (D:1)
  7 rats
68 creatures vanquished.

Notes
Turn   | Place    | Note
-------+----------+-------------------------------------------
     0 | D:1      | Lanoc the Octopode Transmuter began the quest for the Orb.
     0 | D:1      | Reached XP level 1. HP: 13/13 MP: 3/3
   213 | D:1      | Reached XP level 2. HP: 9/18 MP: 3/5
   825 | D:1      | Reached XP level 3. HP: 23/23 MP: 6/6
   848 | D:1      | Found a faded altar of an unknown god.
   857 | D:1      | Prayed at the altar of an unknown god.
   857 | D:1      | Became a worshipper of Uskayaw the Reveller
   857 | D:1      | Reached * piety under Uskayaw
   978 | D:1      | Learned a level 2 spell: Wereblood
  1082 | D:2      | Reached ** piety under Uskayaw
  1381 | D:2      | Reached XP level 4. HP: 19/29 MP: 5/7
  1940 | D:3      | Reached *** piety under Uskayaw
  1944 | D:3      | Reached **** piety under Uskayaw
  1946 | D:3      | Reached XP level 5. HP: 13/34 MP: 5/8
  2110 | D:3      | Found a white marble altar of Elyvilon.
  2111 | D:3      | Found a glowing silver altar of Zin.
  2132 | D:3      | You fall into a shaft and drop 3 floors!
  2311 | D:6      | Noticed an ice beast
  2355 | D:6      | HP: 1/34 [ice beast (11)]
  2356 | D:6      | Mangled by an ice beast

Illustrated notes

Levels and vault maps discovered:
D:1:      saegor_arrival_under_anarchy, layout_basic,
          dilly_ecumenical_altar_fadedgnrine, roderic_lattice_a,
          minmay_tetromino_s4
D:2:      wad_river_or_something, layout_loops_ring, minmay_misc_feat_diagonals
D:3:      layout_basic, nicolae_overflow_two_pavilions, mrwooster_statue_mirror
D:6:      layout_loops_corners, serial_shops, shop_fountains,
          uniq_crazy_yiuf_cottage

Skill      XL: |  1  2  3  4 |
---------------+-------------+-----
Transmutations | 3 |  3.7
Fighting       | 2 |  2.2
Dodging        | |  2.9
Unarmed Combat | |  3.7
Spellcasting   | |  2.0

Action                   |  1- 3 |  4- 6 || total
-------------------------+-------+-------++-------
Melee: Unarmed           |    93 |    66 ||   159
       Tentacles         |    12 |    15 ||    27
       Constrict         |    26 |    21 ||    47
       Kick              |    20 |    16 ||    36
       Punch             |     1 |     2 ||     3
 Cast: Beastly Appendage |    13 |     5 ||    18
       Wereblood         |     2 |     2 ||     4
  Use: Scroll            |       |     2 ||     2
       Potion            |       |     1 ||     1
 Stab: Sleeping          |     8 |     5 ||    13
       Paralysed         |       |     2 ||     2
Armor: Skin              |     8 |     9 ||    17
Dodge: Dodged            |    52 |    47 ||    99

Table legend: (Time is in decaauts)
 A = Elapsed time spent in this place.
 B = Non-inter-level travel time spent in this place.
 C = Inter-level travel time spent in this place.
 D = Time resting spent in this place.
 E = Time spent auto-exploring this place.
 F = Levels seen in this place.
 G = Mean time per level.
                   A        B        C        D        E       F      G
               +--------+--------+--------+--------+--------+-----+--------+
         Total |   2345 |   2326 |     19 |      0 |   1887 |   4 |  586.2 |
       Dungeon |   2345 |   2326 |     19 |      0 |   1887 |   4 |  586.2 |
               +--------+--------+--------+--------+--------+-----+--------+

Top non-repeatable levels by time:
     D:1: 988 daAuts
     D:2: 881 daAuts
     D:3: 252 daAuts
     D:6: 223 daAuts
